Map: NeoHumanity LE

Players

SwagyFatFace - Winner!

  • Race: Zerg Zerg
  • League: Gold
  • Spawn Location: 11:00

STR

  • Race: Terran Terran
  • League: Platinum
  • Spawn Location: 5:00

VOD

Have the link to the VOD?

Description

ZvT gold game where fungal growth wins the game for the Zerg!

Time

  • Played on: March 18, 2023, 4:05 p.m.
  • Length: 30:02
Show
View Real Time Build Order
Export as new Build Order

SwagyFatFace Zerg - Winner!

Build Orders: Hatch First 

Get SALT Encoding   

  12  0:02  Drone  
  13  0:12  Overlord  
  13  0:16  Drone  
  14  0:30  Drone x2  
  16  0:40  Drone  
  17  0:47  Drone  
  18  0:57  Hatchery  
  18  1:02  Extractor  
  16  1:10  Drone x2  
  18  1:19  Spawning Pool  
  18  1:24  Drone  
  18  1:30  Drone  
  19  1:45  Overlord  
  19  2:07  Metabolic Boost  
  19  2:11  Drone x2  
  19  2:12  Zergling x2  
  19  2:13  Queen x2  
  26  2:19  Zergling x2  
  27  2:40  Drone x2  
  29  2:57  Overlord x2  
  29  2:58  Drone  
  29  2:59  Drone x2  
  32  3:13  Baneling Nest  
  32  3:16  Drone  
  32  3:17  Extractor  
  31  3:26  Queen, Drone x3  
  36  3:28  Zergling x2  
  36  3:32  Drone x2  
  36  3:33  Drone x2  
  41  3:45  Drone x2  
  43  4:00  Drone  
  44  4:03  Lair  
  44  4:13  Overlord x2  
  44  4:14  Overlord x2  
  44  4:15  Hatchery  
  43  4:21  Drone  
  44  4:33  Zergling x2  
  44  4:34  Drone x3  
  48  4:49  Zergling x6  
  48  4:50  Zergling x2  
  48  4:51  Evolution Chamber  
  48  4:52  Evolution Chamber  
  50  4:59  Drone x3  
  53  5:01  Extractor  
  53  5:03  Drone  
  53  5:04  Zergling x2  
  53  5:06  Centrifugal Hooks  
  53  5:21  Roach Warren  
  52  5:30  Queen  
  52  5:31  Drone  
  52  5:32  Queen  
  57  5:37  Drone  
  57  5:38  Drone x2  
  57  5:41  Zerg Ground Armor Level 1, Zerg Melee Weapons Level 1  
  60  5:45  Overlord x2  
  60  5:47  Drone  
  61  5:54  Infestation Pit  
  60  6:01  Zergling x2, Roach x2  
  60  6:02  Zergling x2  
  61  6:12  Drone x2  
  63  6:18  Overlord x2  
  63  6:19  Overlord  
  63  6:28  Glial Reconstitution  
  63  6:38  Zergling x6  
  63  6:39  Zergling x2, Overlord x2, Roach  
  71  6:40  Roach x2  
  73  6:51  Zergling x2  
  73  6:52  Zergling x2, Roach x4  
  73  6:53  Roach x3  
  89  6:56  Baneling x5  
  89  6:57  Baneling x2  
  90  7:01  Drone x3  
  90  7:08  Pathogen Glands  
  91  7:16  Zergling x8  
  91  7:17  Zergling x2  
  91  7:20  Burrow  
  96  7:40  Ravager x3  
  99  7:51  Drone x13  
  104  7:53  Zergling x6, Roach  
  117  7:59  Overseer  
  117  8:17  Hatchery  
  105  8:25  Zergling x2  
  105  8:26  Zergling x18  
  88  8:34  Zergling x8  
  88  8:35  Zergling x2  
  88  8:39  Zergling x4  
  94  8:44  Extractor  
  93  8:48  Zergling x4  
  93  8:49  Zergling x8, Extractor  
  93  8:50  Roach x2  
  93  8:51  Hive  
  93  8:53  Tunneling Claws  
  102  8:56  Zerg Melee Weapons Level 2  
  83  9:21  Zergling x22  
  83  9:22  Zergling x2  
  95  9:31  Spire  
  94  9:38  Drone  
  95  9:44  Infestor x2  
  99  9:47  Drone  
  99  9:48  Drone x3  
  103  9:57  Drone x8  
  103  9:58  Roach x3  
  117  10:16  Overseer  
  117  10:25  Roach  
  117  10:26  Zergling x2  
  117  10:27  Overlord x3  
  117  10:28  Overlord x4  
  120  10:40  Baneling x5  
  118  10:53  Zergling x6  
  118  10:54  Ravager  
  118  10:55  Ravager  
  123  10:58  Mutalisk x6  
  135  11:04  Drone x3  
  135  11:05  Queen  
  103  11:28  Zergling x24  
  115  11:34  Mutalisk  
  115  11:35  Mutalisk x3  
  117  11:51  Zergling x2  
  117  11:52  Zergling x12  
  124  12:00  Zerg Ground Armor Level 2  
  124  12:01  Zerg Melee Weapons Level 3  
  124  12:27  Greater Spire  
  124  12:33  Drone x3  
  121  12:55  Mutalisk x3  
  121  12:56  Mutalisk x3  
  133  13:03  Zergling x12  
  133  13:04  Baneling  
  133  13:05  Baneling x5  
  137  13:31  Drone x3  
  140  13:36  Ultralisk Cavern  
  140  13:40  Corruptor x2  
  143  13:41  Extractor  
  143  13:42  Overlord x3  
  142  13:48  Extractor  
  142  13:49  Infestor  
  143  14:01  Roach x5  
  146  14:11  Hatchery  
  145  14:25  Brood Lord x2  
  149  14:46  Hatchery  
  149  14:48  Drone x4  
  149  14:51  Extractor  
  151  14:56  Zerg Flyer Armor Level 1  
  151  15:03  Chitinous Plating  
  151  15:06  Drone x2  
  151  15:07  Drone x7  
  155  15:09  Overlord  
  154  16:23  Corruptor x3  
  154  16:25  Ultralisk x6  
  194  16:27  Zergling x4  
  196  16:38  Zerg Ground Armor Level 3  
  196  16:54  Hatchery  
  196  16:56  Baneling  
  196  16:57  Baneling x14  
  196  16:58  Baneling  
  178  17:36  Ultralisk  
  178  17:37  Zergling x8, Ultralisk  
  188  17:38  Zergling x4  
  93  18:01  Ultralisk x3  
  93  18:02  Zergling x2  
  93  18:03  Zergling x6  
  93  18:04  Zergling x24  
  80  18:27  Zergling x6  
  80  18:28  Zergling x2, Ultralisk  
  77  18:38  Zergling x4  
  77  18:39  Roach  
  79  18:48  Zergling x4  
  77  18:49  Zergling x10  
  77  18:50  Zergling x2  
  84  18:55  Drone x2  
  84  18:57  Drone x3  
  84  18:58  Queen  
  91  19:04  Zergling x8  
  95  19:26  Anabolic Synthesis  
  95  19:37  Extractor  
  95  19:38  Zergling x4, Ultralisk  
  102  19:50  Extractor  
  101  19:58  Drone  
  101  19:59  Drone x14  
  116  20:09  Hatchery  
  115  20:27  Drone  
  115  20:28  Drone x2  
  118  20:53  Ultralisk x3  
  91  21:13  Zergling x2  
  91  21:14  Zergling x38  
  111  21:20  Ultralisk  
  117  21:26  Zergling x2  
  117  21:27  Zergling x2  
  117  21:30  Queen  
  121  21:40  Queen  
  121  21:46  Overlord  
  123  21:47  Overlord x9  
  123  21:52  Spore Crawler  
  122  21:55  Spore Crawler  
  122  21:59  Zergling x2  
  122  22:00  Zergling x6  
  125  22:03  Baneling  
  125  22:04  Baneling x17  
  125  22:13  Overlord  
  125  22:14  Overlord x3  
  119  22:26  Zergling x20  
  119  22:27  Zergling x2  
  114  22:31  Zergling x4  
  114  22:32  Ultralisk  
  91  22:39  Zergling x4  
  86  22:49  Queen, Drone  
  89  23:11  Overlord x3  
  89  23:12  Zergling x2, Overlord x2  
  90  23:13  Zergling x14, Ultralisk  
  103  23:22  Baneling  
  103  23:23  Baneling x12  
  103  23:24  Drone  
  103  23:25  Drone x7  
  111  23:35  Hatchery  
  110  23:58  Overlord x6  
  110  24:17  Overlord  
  110  24:18  Overlord x4  
  110  24:19  Zergling x6  
  110  24:20  Zergling x2  
  114  24:25  Unknown  
  114  24:26  Queen  
  111  24:31  Drone x11  
  105  24:45  Queen  
  105  24:49  Queen  
  109  24:58  Hydralisk Den  
  108  25:01  Zerg Missile Weapons Level 1  
  108  25:02  Queen  
  97  25:33  Ultralisk  
  97  25:34  Overlord x3, Ultralisk  
  110  25:35  Zergling x6  
  110  25:36  Zergling x4  
  110  25:41  Drone x3  
  112  25:45  Drone x3  
  114  25:58  Baneling  
  114  25:59  Baneling x8  
  114  26:04  Baneling x13  
  114  26:19  Infestor x3  
  114  26:24  Drone x2  
  114  26:25  Drone  
  123  26:26  Drone x7  
  123  26:27  Drone x2  
  123  26:28  Drone x5  
  137  26:59  Queen  
  137  27:00  Queen x3  
  145  27:27  Zergling x4  
  145  27:28  Zergling x10  
  145  27:29  Zergling x4, Ultralisk  
  160  27:30  Ultralisk x4  
  176  27:55  Zergling x20  
  176  27:56  Ultralisk  
  176  27:58  Overlord x2  
  174  28:10  Hydralisk Den  
  174  28:11  Drone x6  
  174  28:12  Drone x4  
  178  28:32  Zergling x6  
  187  28:41  Ultralisk x3  
  199  28:48  Hatchery  
  183  29:14  Zergling x2  
  183  29:15  Zergling x30  
  194  29:49  Spawning Pool  
Show
View Real Time Build Order
Export as new Build Order

STR Terran 

Build Orders:  

Get SALT Encoding   

  12  0:00  SCV  
  13  0:15  Supply Depot  
  13  0:17  SCV  
  14  0:29  SCV  
  15  0:39  Barracks  
  15  0:41  SCV  
  16  0:46  Refinery  
  16  0:53  SCV  
  17  1:06  SCV  
  18  1:18  SCV  
  19  1:34  Orbital Command  
  19  1:36  Barracks Reactor  
  19  1:46  Command Center  
  19  2:02  SCV  
  20  2:09  Supply Depot  
  20  2:14  SCV, Marine x2  
  23  2:30  Factory  
  23  2:31  SCV  
  24  2:40  Barracks  
  24  2:43  SCV, Marine x2  
  27  2:55  SCV  
  28  3:01  Orbital Command  
  28  3:12  SCV, Refinery  
  29  3:24  SCV  
  30  3:27  Starport  
  30  3:31  Hellion x2  
  34  3:34  SCV  
  34  3:36  SCV  
  36  3:41  Barracks Tech Lab  
  36  3:42  Barracks Tech Lab  
  36  3:48  Barracks  
  36  3:52  Hellion x2  
  40  3:57  SCV x2  
  40  4:00  Supply Depot  
  42  4:03  Supply Depot  
  42  4:09  SCV x2  
  44  4:10  Engineering Bay  
  44  4:14  Engineering Bay  
  44  4:21  SCV  
  45  4:28  Starport Reactor  
  45  4:30  Stimpack  
  45  4:31  Combat Shield  
  45  4:43  Terran Infantry Weapons Level 1  
  45  4:53  SCV x2, Marine x2  
  45  4:54  Marauder  
  51  5:03  Terran Infantry Armor Level 1  
  51  5:08  SCV x2  
  51  5:11  Marine x2  
  53  5:15  Marine  
  54  5:29  Marine  
  54  5:33  Marine  
  56  5:36  Medivac x2  
  56  5:41  Factory Tech Lab  
  60  5:48  Command Center  
  60  5:49  SCV x2  
  62  6:07  SCV x2  
  58  6:14  Siege Tank  
  61  6:18  Marine  
  61  6:25  Refinery  
  62  6:26  Refinery  
  62  6:35  Supply Depot  
  62  6:36  Supply Depot x2  
  62  6:37  Supply Depot  
  62  6:38  Supply Depot x2  
  62  6:44  SCV  
  62  6:45  SCV, Marine  
  62  6:46  Marine x2  
  62  6:48  Marine  
  61  6:56  SCV  
  61  6:57  SCV, Medivac  
  61  7:01  Siege Tank  
  68  7:02  Marine  
  68  7:04  Marine x2  
  68  7:06  Marine  
  71  7:15  Orbital Command  
  70  7:16  Armory  
  70  7:20  Marine  
  71  7:27  Marine x3  
  74  7:31  Medivac  
  74  7:33  Siege Tank  
  79  7:38  SCV x2, Marine  
  82  7:45  Marine x3  
  82  7:50  SCV  
  86  7:56  Marine  
  86  8:03  Medivac x2, Marine x3  
  86  8:05  Siege Tank  
  96  8:09  Orbital Command, Supply Depot  
  96  8:12  Supply Depot  
  96  8:14  Marine  
  96  8:15  Supply Depot  
  96  8:20  Marine  
  96  8:21  Marine x2  
  89  8:39  Marine x4  
  89  8:40  Siege Tank  
  89  8:41  Medivac x2  
  100  8:43  SCV x2  
  100  8:48  SCV  
  103  8:55  SCV x2  
  105  8:56  Marine  
  105  8:57  Marine x3  
  105  9:00  SCV  
  110  9:07  SCV  
  110  9:14  Marine x2  
  110  9:15  Marine x2  
  94  9:24  Siege Tank  
  94  9:27  Liberator x2  
  103  9:32  Refinery x2  
  103  9:48  Sensor Tower  
  103  9:50  SCV x3  
  103  9:52  Marine x4  
  107  9:56  Siege Tank  
  113  10:01  Terran Infantry Weapons Level 2, Terran Infantry Armor Level 2  
  113  10:10  Marine x4  
  113  10:11  Command Center  
  117  10:19  Barracks  
  117  10:28  Marine  
  118  10:42  Marine x2  
  118  10:43  Marine  
  118  10:44  Siege Tank  
  118  10:45  Marine, Medivac x2  
  129  11:00  Marine x2  
  131  11:09  Marine x2  
  133  11:16  Siege Tank  
  133  11:18  Marine x2  
  127  11:27  Marine  
  128  11:42  Liberator  
  128  11:55  Missile Turret  
  128  11:59  Missile Turret  
  128  12:00  SCV x3, Missile Turret  
  131  12:06  Missile Turret  
  131  12:09  Missile Turret  
  131  12:10  Missile Turret  
  131  12:13  Missile Turret  
  131  12:14  Missile Turret  
  131  12:15  Missile Turret  
  131  12:17  Missile Turret  
  131  12:18  Missile Turret x2  
  131  12:20  Missile Turret  
  131  12:22  Marine x4  
  129  12:23  Siege Tank, Missile Turret  
  129  12:24  Medivac  
  129  12:25  Medivac  
  129  12:28  Barracks Reactor  
  139  12:35  Missile Turret  
  139  12:40  Marine x4  
  140  12:58  Marine  
  141  13:05  Marine x3  
  144  13:14  Terran Infantry Weapons Level 3  
  144  13:15  Marine, Terran Infantry Armor Level 3, Supply Depot  
  144  13:16  Supply Depot  
  144  13:18  Supply Depot  
  145  13:20  Supply Depot  
  145  13:22  Marine  
  145  13:23  Marine  
  145  13:24  Supply Depot  
  145  13:31  SCV x2  
  145  13:32  SCV, Missile Turret  
  148  13:35  Planetary Fortress  
  148  13:43  SCV  
  148  13:44  SCV x2  
  151  13:51  Marine x3  
  151  13:52  Marine  
  151  13:53  Medivac x2, Siege Tank, Missile Turret x2  
  162  13:55  SCV  
  162  13:56  SCV x2  
  165  14:08  SCV x3  
  165  14:09  Marine x2  
  170  14:14  Missile Turret  
  170  14:23  Medivac  
  169  14:25  Siege Tank  
  169  14:30  Marine x4  
  166  14:45  Liberator  
  166  14:48  Marine x4  
  166  14:50  Refinery  
  173  14:53  Refinery, Liberator  
  173  14:56  Command Center  
  173  14:57  Siege Tank  
  179  15:00  SCV x2  
  181  15:29  Siege Tank  
  179  15:50  SCV x2, Marine x2, Missile Turret  
  179  15:51  Marine x2, Missile Turret  
  179  15:54  Missile Turret  
  185  16:01  Siege Tank  
  188  16:04  Barracks  
  188  16:05  Barracks  
  188  16:08  Marine x3  
  188  16:09  Neosteel Armor, Marine  
  171  16:46  Marine x2  
  171  16:47  Marine x4  
  177  16:56  Viking x2  
  181  17:04  Marine x4  
  181  17:05  Marine x2  
  187  17:22  Marine x5  
  190  17:23  Marine  
  190  17:25  Viking  
  190  17:26  Viking  
  182  17:40  Marine x2  
  175  17:55  Viking  
  159  18:01  Marine  
  159  18:02  Marine x5  
  159  18:03  Siege Tank  
  153  18:19  Marine x3  
  154  18:20  Marine x3  
  135  18:35  Siege Tank  
  132  18:43  Barracks Reactor x2  
  117  18:56  Viking x2  
  121  19:12  Planetary Fortress  
  121  19:20  Command Center  
  121  19:26  Viking, Marine  
  121  19:27  Marine x5  
  121  19:31  Siege Tank  
  132  19:44  Marine  
  132  19:45  Marine x5  
  138  19:49  Marine x3  
  138  19:50  Marine  
  138  19:52  Viking  
  144  19:56  Viking  
  146  20:02  Marine x2  
  146  20:03  Marine, Siege Tank  
  152  20:09  Marine  
  152  20:10  Marine x6  
  159  20:20  Marine x3  
  162  20:22  Viking  
  162  20:26  Viking, Refinery  
  162  20:27  Marine x2  
  162  20:28  Refinery, Marine x5  
  171  20:35  Siege Tank  
  176  20:38  Marine x3  
  179  20:45  Marine x4  
  179  20:46  Marine x2  
  185  20:52  Viking, Marine  
  185  20:55  Marine  
  185  20:56  Viking, Marine x2  
  193  21:03  Marine x3  
  182  21:07  Siege Tank  
  157  21:12  Marine  
  157  21:13  Marine x4  
  157  21:14  Marine x2  
  157  21:17  SCV  
  165  21:21  Marine x3  
  165  21:22  Viking  
  170  21:29  SCV  
  170  21:30  Viking, Marine x4  
  170  21:31  Marine  
  170  21:32  Marine x2  
  180  21:39  Marine x3, Siege Tank  
  186  21:42  SCV  
  187  21:48  Marine x4  
  187  21:49  Marine x3  
  187  21:52  Viking  
  187  21:54  SCV  
  195  21:56  Marine x2  
  195  21:57  Marine  
  198  22:06  SCV, Marine  
  200  22:14  Marine x2  
  137  22:46  Marine  
  137  22:47  Marine x9  
  137  22:49  Siege Tank  
  137  22:50  Viking x2  
  152  23:04  Marine x6  
  152  23:05  Marine x4  
  162  23:20  Viking x2  
  162  23:21  Siege Tank  
  162  23:22  Marine x3  
  172  23:30  Marine x2  
  172  23:31  Marine x5  
  179  23:39  Marine  
  179  23:40  Marine x2  
  182  23:48  Marine x7  
  183  23:50  Viking  
  183  23:53  Siege Tank  
  194  23:57  Marine  
  194  23:58  Marine  
  196  24:16  Marine x4  
  174  25:31  Orbital Command  
  168  25:49  Marine  
  165  25:50  Marine x9  
  165  25:51  Siege Tank  
  165  25:52  Medivac  
  165  25:53  Medivac  
  181  26:07  Marine x5  
  181  26:08  Marine x5  
  191  26:22  Medivac x2  
  191  26:24  Siege Tank  
  191  26:25  Marine x2  
  200  26:49  Hi-Sec Auto Tracking  
  181  27:54  Siege Tank  
  174  28:26  Siege Tank  
  160  28:38  Marine x5  
  160  28:39  Marine x5  
  170  28:55  Marine  
  170  28:56  Marine x7  
  170  28:57  Marine x2  
  170  28:58  Siege Tank  
  157  29:13  Marine x3  
  157  29:14  Marine x7  
  106  29:34  Marine  
  106  29:35  Marine x3  
Tags
 
Add a new tag
Caveats
  • Supply blocks, unpowered buildings, or Contaminate may cause inaccurate times.
  • Supply counts are checked every 10 seconds.